 Dungeon Sprint DCSS version 0.30-a0-883-g5ad918d77d (webtiles) character file.

Game seed: 9719167287354246317

243 sircluck the Protected (level 6, -3/44 HPs)
             Began as a Gargoyle Fighter on Mar 16, 2023.
             Slain by a human
             ... wielding a +0 whip
              (6 damage)
             ... in the Dungeon (Sprint III: "The Ten Rune Challenge").
             The game lasted 00:01:23 (418 turns).

sircluck the Protected (Gargoyle Fighter)            Turns: 418, Time: 00:01:23

Health: -3/44      AC: 12    Str: 21    XL:     6   Next: 9%
Magic:  6/6        EV:  9    Int:  9    God:
Gold:   17         SH:  5    Dex:  9    Spells: 5/5 levels left

rFire   . . .      SeeInvis .    a - +0 flail
rCold   . . .      Faith    .    c - +0 buckler
rNeg    + . .      Spirit   .    b - +0 scale mail
rPois   ∞          Reflect  .    (no helmet)
rElec   +          Rampage  .    (no cloak)
rCorr   .          NoTele   +    (no gloves)
Will    .....                    (no boots) Stlth
                                 (no amulet)
HPRegen 0.27/turn                (no ring)
MPRegen 0.10/turn                (no ring)

@: mighty
A: sickness immunity, AC +4, negative energy resistance 1, electricity
resistance, torment resistance 1, petrification resistance
a: no special abilities


You were in the Dungeon.
You visited 1 branch You collected 17 gold pieces.

Inventory:

Hand Weapons
 a - a +0 flail (weapon)
Missiles
 k - 4 atropa-tipped darts (quivered)
 l - 3 poisoned darts
Armour
 b - a +0 scale mail (worn)
 c - a +0 buckler (worn)
Scrolls
 j - a scroll of blinking
 m - a scroll of torment {unknown}
 n - 3 scrolls of identify
 q - a scroll of poison {unknown}
Potions
 e - a potion of curing
 g - a potion of haste
 h - 3 potions of magic
 o - 3 potions of flight
 p - 7 potions of mutation


   Skills:
 + Level 7.2 Fighting
 + Level 6.1 Maces & Flails
 + Level 8.3 Armour
 + Level 0.4 Dodging
 + Level 6.6 Shields


You had 5 spell levels left.
You didn't know any spells.
Your spell library was empty.

Dungeon Overview and Level Annotations

Branches:
Dungeon (1/1)

Altars:
Okawaru
Trog
Uskayaw
Wu Jian


Innate Abilities, Weirdness & Mutations

You are immune to sickness and miasma.
Your stone body is resilient. (AC +4)
You are immune to poison.
You resist negative energy. (rN+)
You are resistant to electric shocks. (rElec)
You are resistant to unholy torment.
You are immune to petrification.


Message History

The human is heavily wounded.
The human hits you with a +0 whip. x2
You hit the human but do no damage.
The human is heavily wounded.
The human hits you with a +0 whip!
* * * LOW HITPOINT WARNING * * *
You block the human's attack.
You completely miss the human.
The human is heavily wounded.
The human hits you but does no damage.
You closely miss the human.
The human is heavily wounded.
The human hits you with a +0 whip.
* * * LOW HITPOINT WARNING * * *
You block the human's attack.
You feel much better. The human hits you with a +0 whip.
The human hits you with a +0 whip!
* * * LOW HITPOINT WARNING * * *
You closely miss the human.
The human is heavily wounded.
The human closely misses you.
You closely miss the human.
The human is heavily wounded.
The human hits you but does no damage. x2
You miss the human.
The human is heavily wounded.
The human hits you but does no damage. x2
You completely miss the human.
The human is heavily wounded.
The human barely misses you.
You closely miss the human.
The human is heavily wounded.
You block the human's attack. The human hits you with a +0 whip!
* * * LOW HITPOINT WARNING * * *
You barely miss the human.
The human is heavily wounded.
The human hits you with a +0 whip.
* * * LOW HITPOINT WARNING * * *
The human hits you with a +0 whip.
You die...

▓▓ ▓▓▓ .#### ##.# #####
....#####..# #___
.)...#..#..# #__
##...#..#..###+#p###+##
###†.##'#..#....@†....#
.##..###...'.⌠........#
##..####...#...######+#
##..###....#.⌠.#
#...##.....#...#
....#......#+###
..##.#.....#
..#####....# ▓▓▓ ▓▓▓▓▓▓


You could see a human (berserk).

Vanquished Creatures
  A water elemental (D)
  Jessica (D)
  2 humans (D)
  A phantom (D)
  2 endoplasms (D)
  A rat (D)
8 creatures vanquished.

Notes
Turn   | Place    | Note
-------+----------+-------------------------------------------
     0 | D        | sircluck the Gargoyle Fighter began the quest for the Orb.
     0 | D        | Reached XP level 1. HP: 14/14 MP: 1/1
    31 | D        | Noticed Jessica
    42 | D        | Killed Jessica
    43 | D        | Reached skill level 5 in Armour
    43 | D        | Reached XP level 2. HP: 11/20 MP: 2/2
    43 | D        | Reached XP level 3. HP: 14/24 MP: 3/3
    99 | D        | Reached skill level 5 in Fighting
    99 | D        | Reached skill level 5 in Shields
   227 | D        | Noticed a water elemental
   234 | D        | Killed a water elemental
   235 | D        | Reached skill level 6 in Armour
   235 | D        | Reached XP level 4. HP: 20/32 MP: 4/4
   398 | D        | Found a hide-covered altar of Uskayaw.
   398 | D        | Found an iron altar of Okawaru.
   398 | D        | Found a bloodstained altar of Trog.
   398 | D        | Found an ornate altar of the Wu Jian Council.
   398 | D        | Noticed a human
   399 | D        | Noticed a human
   404 | D        | Killed a human
   405 | D        | Reached skill level 8 in Armour
   405 | D        | Reached XP level 5. HP: 25/38 MP: 5/5
   405 | D        | Reached XP level 6. HP: 28/44 MP: 6/6
   418 | D        | Slain by a human

Illustrated notes

Levels and vault maps discovered:
D:        dungeon_sprint_mu [sprint_mu_entry_cave, sprint_mu_temple_rooms,
          sprint_mu_d1_horrors, sprint_mu_d2_genie, sprint_mu_d3_branching,
          sprint_mu_orc_legion, sprint_mu_elf_gauntlet, sprint_mu_hive_nellie,
          sprint_mu_lair_fedhas, sprint_mu_vaults_butterflies,
          sprint_mu_slime_circle, sprint_mu_swamp_cave, sprint_mu_snake_twists,
          sprint_mu_blade_basic, sprint_mu_crypt_chambers,
          sprint_mu_tomb_spiral, sprint_mu_vestibule_basic,
          sprint_mu_gehenna_hellfire, sprint_mu_dis_giant,
          sprint_mu_tartarus_statrot, sprint_mu_cocytus_islands, sprint_mu_zot1]

Skill      XL: |  1  2  3  4 |
---------------+-------------+-----
Fighting       | 4 6 7 |  7.2
Armour         | 5 6 8 |  8.3
Shields        | 4 5 6 |  6.6
Maces & Flails | 4 6 |  6.1
Dodging        | |  0.4

Action                     |  1- 3 |  4- 6 || total
---------------------------+-------+-------++-------
  Melee: Flail             |    27 |    18 ||    45
  Throw: Dart              |     1 |       ||     1
    Use: Potion            |     1 |     2 ||     3
 Armour: Scale mail        |     4 |     7 ||    11
  Dodge: Dodged            |     7 |     5 ||    12
  Block: Buckler           |     6 |     7 ||    13

Table legend: (Time is in decaauts)
 A = Elapsed time spent in this place.
 B = Non-inter-level travel time spent in this place.
 C = Inter-level travel time spent in this place.
 D = Time resting spent in this place.
 E = Time spent auto-exploring this place.
 F = Levels seen in this place.
 G = Mean time per level.
                   A        B        C        D        E       F      G
               +--------+--------+--------+--------+--------+-----+--------+
         Total |    436 |    436 |      0 |    257 |     17 |   1 |  436.0 |
       Dungeon |    436 |    436 |      0 |    257 |     17 |   1 |  436.0 |
               +--------+--------+--------+--------+--------+-----+--------+

Top non-repeatable levels by time:
       D: 436 daAuts
